 Dungeon Crawl Stone Soup version 0.19-a0-687-g35db334 (webtiles) character file.

319 Duffy the Chopper (level 6, -6/47 HPs)
             Began as a Mummy Fighter on June 18, 2016.
             Mangled by an ogre
             ... wielding a +0 giant spiked club
              (12 damage)
             ... on level 3 of the Dungeon.
             The game lasted 00:01:37 (1537 turns).

Duffy the Chopper (Mummy Fighter)                   Turns: 1537, Time: 00:01:38

Health: -6/47      AC:  6    Str: 22    XL:     6   Next: 21%
Magic:  6/6        EV:  7    Int:  7    God:
Gold:   51         SH:  9    Dex: 11    Spells: 0 memorised, 5 levels left

rFire  x . .     SeeInvis .     a - +0 war axe
rCold  + . .     Gourm    .     b - +0 scale mail
rNeg   + + +     Faith    .     c - +0 shield
rPois  ∞         Spirit   .     (no helmet)
rElec  .         Dismiss  .     (no cloak)
rCorr  .         Reflect  .     (no gloves)
SustAt .         Harm     .     (no boots)
MR     .....                    (no amulet)
Stlth  ..........               (no ring)
                                (no ring)

@: not resistant to hostile enchantments, extremely unstealthy
A: no food or potions, fire vulnerability, cold resistance 1, negative energy
resistance 3, torment resistance, unbreathing
a: no special abilities


You were on level 3 of the Dungeon.
You were not hungry.

You visited 1 branch of the dungeon, and saw 4 of its levels.

You collected 51 gold pieces.


Innate Abilities, Weirdness & Mutations

You do not eat or drink.
Your flesh is vulnerable to fire.
You are immune to poison.
Your flesh is cold resistant. (rC+)
You are immune to negative energy. (rN+++)
You are immune to unholy pain and torment.
You can survive without breathing.


   Skills:
 - Level 3.0 Fighting
 + Level 5.5 Axes
 - Level 2.4 Armour
 - Level 2.4 Shields


You had 5 spell levels left.
You didn't know any spells.

Inventory:

Hand Weapons
 a - a +0 war axe (weapon)
Armour
 b - a +0 scale mail (worn)
 c - a +0 shield (worn)
Scrolls
 d - a scroll of identify {unknown}

Dungeon Overview and Level Annotations

Branches:
Dungeon (4/15)
 Temple: D:4-7

Altars:


Message History

The ogre barely misses you.
You hit the ogre.
The ogre is moderately wounded.
The ogre hits you with a giant spiked club!
You barely miss the ogre.
The ogre is moderately wounded.
You block the ogre's attack.
You barely miss the ogre.
The ogre is moderately wounded.
The ogre hits you with a giant spiked club!
You hit the ogre.
The ogre is heavily wounded.
You block the ogre's attack.
You slash the ogre!
The ogre is severely wounded.
The ogre hits you with a giant spiked club!
You are too injured to fight recklessly!
You are too injured to fight recklessly!
You are too injured to fight recklessly!
You are too injured to fight recklessly!
You are too injured to fight recklessly!
You are too injured to fight recklessly!
You are too injured to fight recklessly!
You are too injured to fight recklessly!
You are too injured to fight recklessly!
You are too injured to fight recklessly!
You are too injured to fight recklessly!
You are too injured to fight recklessly!
You are too injured to fight recklessly!
You are too injured to fight recklessly!
You are too injured to fight recklessly!
You are too injured to fight recklessly!
You are too injured to fight recklessly!
You are too injured to fight recklessly!
You are too injured to fight recklessly!
You are too injured to fight recklessly!
You are too injured to fight recklessly!
You hit the ogre but do no damage.
The ogre is severely wounded.
The ogre closely misses you.
You barely miss the ogre.
The ogre is severely wounded.
You block the ogre's attack.
Your shield prevents you from hitting the ogre.
The ogre is severely wounded.
The ogre closely misses you.
You completely miss the ogre.
The ogre is severely wounded.
The ogre hits you with a giant spiked club!
You die...

#.....%# #.....# #.....%#
#......# #.....O# #######
#......# #.....#########
#......#####.............#
######..O................#
######.####.........#
#######.#@#.# #.........#
#....O..#O#.# #%........#
#.#####...#.# #.........#
#)# #####.# #.........#
#O# #...#.# #.........#
#.# #.#.#.# #.........#
#.### #.#...####.........#
#...# #)#.....##.........#
###.###...###.############


You could see an ogre.

Action                   |  1- 3 |  4- 6 || total
-------------------------+-------+-------++-------
Melee: War axe           |    49 |    57 ||   106
Armor: Scale mail        |    22 |    16 ||    38
Dodge: Dodged            |    24 |    25 ||    49
Block: Shield            |    16 |    27 ||    43

Notes
Turn   | Place    | Note
--------------------------------------------------------------
     0 | D:1      | Duffy the Mummy Fighter began the quest for the Orb.
     0 | D:1      | Reached XP level 1. HP: 18/18 MP: 1/1
   122 | D:2      | Reached skill level 2 in Axes
   122 | D:2      | Reached XP level 2. HP: 9/24 MP: 2/2
   497 | D:3      | Noticed an ogre
   512 | D:3      | Killed an ogre
   512 | D:3      | Reached skill level 4 in Axes
   512 | D:3      | Reached XP level 3. HP: 2/29 MP: 3/3
   512 | D:3      | Reached XP level 4. HP: 3/35 MP: 4/4
   915 | D:3      | Noticed Sigmund
   930 | D:3      | Killed Sigmund
   930 | D:3      | Reached skill level 5 in Axes
   930 | D:3      | Reached XP level 5. HP: 17/41 MP: 5/5
   930 | D:3      | Reached XP level 6. HP: 19/47 MP: 6/6
  1260 | D:4      | Noticed a slave
  1264 | D:4      | Noticed a slave
  1265 | D:4      | Noticed a slave
  1266 | D:4      | Noticed a slave
  1537 | D:3      | Mangled by an ogre

Skill      XL: |  1  2  3  4 |
---------------+-------------+-----
Axes           | 2 4 5 |  5.5
Fighting       | |  3.0
Armour         | |  2.4
Shields        | |  2.4

Vault maps used:
D:1:      dpeg_arrival_erosion
D:2:      due_unseen_surprise
D:3:      st_stairs_13, kennysheep_generic_room_4, uniq_sigmund
D:4:      lemuel_doored_altar, ashenzari_conservatory_becter, first_bread,
          uniq_natasha, uniq_pikel

Vanquished Creatures
  Sigmund
  An ogre
  A worker ant
  3 adders
  An ooze
  2 orcs
  2 bats
  A giant cockroach
  3 hobgoblins
  A quokka
  A giant newt
  A kobold
  3 rats
21 creatures vanquished.
